 Dungeon Crawl Stone Soup version 0.21-a0-352-g5b8f553 (webtiles) character file.

10 Dfrag the Firebug (level 2, 16/19 HPs)
             Began as a Demonspawn Fire Elementalist on Oct 11, 2017.
             Quit the game on level 2 of the Dungeon.
             The game lasted 00:00:44 (849 turns).

Dfrag the Firebug (Demonspawn Fire Elementalist)     Turns: 849, Time: 00:00:44

Health: 16/19      AC:  2    Str:  8    XL:     2   Next: 10%
Magic:  2/5        EV: 12    Int: 16    God:
Gold:   66         SH:  0    Dex: 17    Spells: 4/5 levels left

rFire    . . .     SeeInvis .   (no weapon)
rCold    . . .     Gourm    .   (no shield)
rNeg     . . .     Faith    .   a - +0 robe
rPois    .         Spirit   .   (no helmet)
rElec    .         Reflect  .   (no cloak)
rCorr    .         Harm     .   (no gloves)
MR       .....                  (no boots)
Stlth    ++........             (no amulet)
HPRegen  0.06/turn              j - +4 ring of dexterity
MPRegen  0.09/turn              (no ring)

@: no status effects
A: powered by pain 1
a: no special abilities


You were on level 2 of the Dungeon.
You were not hungry.

You visited 1 branch of the dungeon, and saw 2 of its levels.

You collected 66 gold pieces.

Inventory:

Armour
 a - a +0 robe (worn)
Jewellery
 j - a +4 ring of dexterity (left hand)
Scrolls
 d - a scroll of noise {unknown}
 h - a scroll of fog {unknown}
 l - a scroll of identify {unknown}
 m - a scroll of magic mapping {unknown}
Potions
 e - a potion of haste {unknown}
 f - a potion of heal wounds {unknown}
 g - a potion of might {unknown}
Books
 b - a book of Flames

   Spells                             Type                      Level
   a - Flame Tongue                   Conjuration/Fire             1
   b - Throw Flame                    Conjuration/Fire             2
   c - Conjure Flame                  Conjuration/Fire             3
   d - Inner Flame                    Hexes/Fire                   3
   e - Sticky Flame                   Conjuration/Fire             4
   f - Fireball                       Conjuration/Fire             5
Comestibles
 c - 2 bread rations
 i - a meat ration
 k - a chunk of flesh


   Skills:
 - Level 1.7 Dodging
 - Level 1.7 Stealth
 + Level 2.2 Spellcasting
 + Level 1.4 Conjurations
 + Level 2.9 Fire Magic


You had 4 spell levels left.
You knew the following spells:

 Your Spells              Type           Power        Failure   Level  Hunger
a - Flame Tongue          Conj/Fire      #....        9%          1    #......


Dungeon Overview and Level Annotations

Branches:
Dungeon (2/15)

Altars:


Innate Abilities, Weirdness & Mutations

You sometimes gain a little power by taking damage.


Message History

The hobgoblin is moderately wounded.
The hobgoblin shouts!
Casting: Flame Tongue
Confirm with . or Enter, or press ? or * to list all spells.
Aiming: Flame Tongue
Press: ? - help, Shift-Dir - straight line, f/p - hobgoblin
Aim: a hobgoblin (moderately wounded)
The flame tongue hits the hobgoblin.
You kill the hobgoblin!
A dart slug comes into view.
Casting: Flame Tongue
Confirm with . or Enter, or press ? or * to list all spells.
Aiming: Flame Tongue
Press: ? - help, Shift-Dir - straight line, f - dart slug
Aim: a dart slug (clinging)
The flame tongue hits the dart slug.
The dart slug is almost dead.
The dart slug launches a dart at you. The slug dart hits you!
Are you sure you want to abandon this character and quit the game? (Confirm with "yes".)

.. # .# . #. .#
.> #.. .# ...
#!..####.# ..#.
#..)..... .....
........#......
.......@.....#
........#.w#.#
#........ .#
#...###### #
#.. #. #


You could see a dart slug.

Vanquished Creatures
  2 goblins (D:1)
  2 hobgoblins
  2 bats (D:1)
  2 frilled lizards (D:1)
  2 kobolds (D:1)
  A rat (D:1)
11 creatures vanquished.

Notes
Turn   | Place    | Note
-------+----------+-------------------------------------------
     0 | D:1      | Dfrag the Demonspawn Fire Elementalist began the quest for the Orb.
     0 | D:1      | Reached XP level 1. HP: 13/13 MP: 3/3
   621 | D:1      | Gained mutation: You sometimes gain a little power by taking damage. [demonic ancestry]
   621 | D:1      | Reached XP level 2. HP: 5/19 MP: 0/5
   849 | D:2      | Quit the game

Vault maps used:
D:1:      dpeg_cavernosity
D:2:      cheibrodos_gnoll_hut

Action                   || total
-------------------------++-------
Melee: Unarmed           ||    21
 Cast: Flame Tongue      ||    19
 Stab: Sleeping          ||     1
Armor: Robe              ||     2
Dodge: Dodged            ||    19

Table legend:
 A = Spawn XP
 B = Non-spawn XP
 C = Spawn XP percentage of total XP
 D = Spawn monster count
 E = Non-spawn monster count
 F = Spawn count percentage of total count
 G = Total turns spent on level
                    A         B        C        D         E        F      G
               +---------+---------+-------+---------+---------+-------+---------
         Total |       0 |      15 |   0.0 |       0 |      11 |   0.0 |   849
               +---------+---------+-------+---------+---------+-------+---------
           D:1 |       0 |      13 |   0.0 |       0 |      10 |   0.0 |   845
           D:2 |       0 |       2 |   0.0 |       0 |       1 |   0.0 |     4
               +---------+---------+-------+---------+---------+-------+---------
